 Dungeon Crawl Stone Soup version 0.30-a0-339-g89bb51ec76 (webtiles) character file.

Game seed: 9323957393094690414

15448 p00ps00p the Fighter (level 12, 0/114 (118) HPs)
             Began as a Hill Orc Fighter on Nov 1, 2022.
             Was an Initiate of Gozag.
             Slain by a sun demon (11 damage)
             ... summoned by an orc high priest
             ... while paralysed by an orc sorcerer
             ... on level 1 of the Orcish Mines.
             The game lasted 00:38:12 (11548 turns).

p00ps00p the Fighter (Hill Orc Fighter)            Turns: 11548, Time: 00:38:13

HP:   0/114 (118)   AC: -4    Str: 20    XL:     12   Next: 27%
MP:   0/12          EV:  2    Int:  5    God:    Gozag
Gold: 651           SH:  0    Dex: 14    Spells: 11/11 levels left

rFire   . . .      SeeInvis +    N - +2 war axe (flame)
rCold   . . .      Faith    .    K - +1 kite shield of Loss {+Inv Regen+ SInv}
rNeg    . . .      Spirit   +    s - +1 ring mail of Distant Shores {rElec Regen+ Int-3}
rPois   .          Reflect  .    r - +1 helmet of Wearam {Stlth+}
rElec   +          Harm     .    L - +0 cloak
rCorr   .          Rampage  ∞    p - +1 pair of gloves
Will    .....                    h - +3 pair of seven-league boots {Rampage+∞}
Stlth   ++........               g - amulet of guardian spirit
HPRegen 1.99/turn                e - +4 ring of protection
MPRegen 0.13/turn                O - +4 ring of evasion

@: paralysed, about to teleport, corroded, lightly drained
A: no striking features
a: Renounce Religion, Convert to Beogh, Evoke Invisibility, Potion Petition,
Call Merchant, Bribe Branch


You were on level 1 of the Orcish Mines.
You worshipped Gozag.
Gozag was pleased with you.
You visited 3 branches of the dungeon, and saw 14 of its levels.
You also visited: Ossuary.

You collected 2642 gold pieces.
You spent 1390 gold pieces at shops.
You paid 601 gold pieces to Gozag.

Inventory:

Hand Weapons
 a - a +2 war axe
 N - a +2 war axe of flaming (weapon)
Missiles
 b - 13 poisoned darts
 C - 4 javelins (quivered)
Armour
 h - the +3 pair of seven-league boots (worn) {Rampage+∞}
   (You acquired it on level 1 of the Dungeon)

   Its wearer moves as far as possible in that direction when moving towards
   enemies.
 p - a +1 pair of gloves (worn)
 r - the +1 helmet of Wearam (worn) {Stlth+}
   (You found it on level 2 of the Dungeon)

   Stlth:     It makes you more stealthy.
 s - the +1 ring mail of Distant Shores (worn) {rElec Regen+ Int-3}
   (You found it on level 4 of the Dungeon)

   Int:       It affects your intelligence (-3).
   rElec:     It insulates you from electricity.
   Regen:     It increases your rate of health regeneration.
 K - the +1 kite shield of Loss (worn) {+Inv Regen+ SInv}
   (You bought it in a shop on level 12 of the Dungeon)

   SInv:      It lets you see invisible.
   +Inv:      It lets you turn invisible.
   Regen:     It increases your rate of health regeneration.
 L - a +0 cloak (worn)
Jewellery
 e - a +4 ring of protection (left hand)
 g - an amulet of guardian spirit (around neck)
 m - a ring of positive energy
 t - an amulet of the acrobat
 O - a +4 ring of evasion (right hand)
 P - a +6 ring of strength
Wands
 d - a wand of roots (27)
 w - a wand of digging (8)
 y - a wand of paralysis (3)
 I - a wand of flame (19)
Scrolls
 f - a scroll of poison
 o - 5 scrolls of teleportation
 q - 2 scrolls of immolation
 x - a scroll of amnesia
 B - 2 scrolls of vulnerability
 F - a scroll of butterflies
 G - 2 scrolls of summoning
 H - a scroll of enchant armour
 M - 2 scrolls of identify
Potions
 i - 12 potions of curing
 j - 4 potions of heal wounds
 k - 2 potions of mutation
 l - 4 potions of flight
 n - a potion of degeneration
 u - 3 potions of invisibility
 z - 2 potions of might
 A - a potion of resistance
 D - a potion of brilliance
 E - a potion of lignification
 J - a potion of ambrosia
Miscellaneous
 v - a condenser vane (inert)


   Skills:
 - Level 14.8 Fighting
 + Level 12.9 Axes
 - Level 10.0 Armour
 - Level 10.0 Shields


You had 11 spell levels left.
You didn't know any spells.
Your spell library contained the following spells:

 Spells                   Type           Power      Damage    Failure   Level
 Beastly Appendage        Tmut           0%         N/A       88%         1
 Summon Small Mammal      Summ           0%         N/A       88%         1
 Wereblood                Tmut           0%         N/A       95%         2
 Call Canine Familiar     Summ           0%         N/A       99%         3
 Frozen Ramparts          Ice            0%         1d1       99%         3
 Gell's Gravitas          Tloc           0%         N/A       99%         3
 Spider Form              Tmut/Pois      0%         N/A       99%         3
 Summon Guardian Golem    Hex/Summ       0%         N/A       99%         3
 Teleport Other           Tloc           0%         N/A       99%         3
 Animate Armour           Summ/Erth      0%         N/A       100%        4
 Ice Form                 Ice/Tmut       0%         N/A       100%        4
 Summon Ice Beast         Ice/Summ       0%         N/A       100%        4
 Blade Hands              Tmut           0%         N/A       100%        5
 Dispersal                Tloc           0%         N/A       100%        6
 Iron Shot                Conj/Erth      0%         9d1       100%        6
 Orb of Destruction       Conj           0%         9d5       100%        7
 Spellforged Servitor     Conj/Summ      0%         N/A       100%        7
 Chain Lightning          Conj/Air       0%         N/A       100%        9
 Fire Storm               Conj/Fire      0%         5d1       100%        9
 Shatter                  Erth           0%         3d5*      100%        9


Dungeon Overview and Level Annotations

Branches:
Dungeon (12/15)            Temple (1/1) D:5            Lair (0/5) D:8
    Orc (1/2) D:12        Ossuary (visited)

Altars:
Ashenzari
Cheibriados
Dithmenos
Elyvilon
Fedhas
Gozag
Hepliaklqana
Kikubaaqudgha
Makhleb
Nemelex Xobeh
Okawaru
Qazlal
Ru
Sif Muna
Trog
Uskayaw
Vehumet
Wu Jian
Xom
Yredelemnul
Zin
The Shining One
Lugonu

Shops:
D:5 =   D:7 !   D:10 (   D:12 [

Portals:
Abyss: D:3

Annotations:
D:11 3 runed translucent doors, sirJeffrey23's ghost, journeyman FoFi


Message History

You hit the rust devil but do no damage.
You barely miss the chaos spawn.
You hit the rust devil but do no damage.
The rust devil is no longer distracted by gold.
The sun demon is distracted by your dazzling golden aura.
The rust devil hits you. The rust devil corrodes you!
The orc high priest is distracted by your dazzling golden aura.
You barely miss the rust devil.
The sun demon shouts!
The orc high priest shouts!
You hit the chaos spawn but do no damage.
You barely miss the rust devil.
The orc sorcerer is no longer distracted by gold.
The orange demon is no longer distracted by gold.
The orc high priest is no longer distracted by gold.
The rust devil hits you. The rust devil corrodes you!
The chaos spawn closely misses you. You block the rust devil's attack.
You stride towards the sun demon!
You hit the sun demon but do no damage.
The sun demon is no longer distracted by gold.
The orc priest shouts, "Surrender to Beogh and we'll let you live!"
You slash the orc sorcerer! You burn the orc sorcerer.
You barely miss the chaos spawn. You hit the rust devil.
You closely miss the orc high priest.
The orc is no longer distracted by gold.
You block the orc high priest's attack.
The orc sorcerer wildly gestures.
You feel disoriented.
The orc sorcerer becomes larger for a moment.
The orc sorcerer points at you and mumbles some strange words.
You suddenly lose the ability to move!
The sun demon hits you but does no damage.
The chaos spawn hits you. The rust devil hits you! The rust devil corrodes you!
The sun demon barely misses you.
The orc high priest hits you with a +0 glaive.
The orange demon stings you from afar! The rust devil hits you.
The rust devil corrodes you! The chaos spawn completely misses you.
The rust devil hits you. The rust devil corrodes you! The sun demon hits you!!
* * * LOW HITPOINT WARNING * * *
You are engulfed in flames!
You die...
Your body crumbles into a pile of gold.

$$ $
...............
.....$........#
....#.........#
.....$........#.
....o..o>....#..
..$....o.o......
......o.4o$.....
$
.#..43@4.......
.......o4.......
.....$....$.....
................
...o..#.....#.#.
..$...#.......#
#..............
....$##....##.##
.#. ##.... ##


You could see an orc high priest, a sun demon (summoned), an orange demon
(summoned), 2 rust devils, a chaos spawn (summoned), 2 orc sorcerers, 3 orc
warriors, an orc priest and an orc.

Vanquished Creatures
  A two-headed ogre (D:11)
  2 centaur warriors
  A tengu warrior (D:11)
  Amaemon (D:9)
  An ugly thing (D:11)
  3 cyclopes
  Joseph (D:8)
  An orange demon (D:9)
  A gargoyle (D:12)
  3 unseen horrors (D:11)
  3 trolls
  A hornet (D:8)
  A wraith (D:11)
  3 shadows (D:11)
  12 yaks
  2 wyverns
  A steam dragon (D:10)
  6 vampire mosquitoes
  Menkaure (D:4)
  2 acid dragons
  2 water moccasins
  Duvessa (D:4)
  2 ice beasts
  2 black bears (D:6)
  A sky beast (D:8)
  8 orc warriors
  3 ogres
  4 centaurs
  A phantom (D:5)
  An elf zombie (Ossuary)
  A gnoll sergeant (D:11)
  3 kobold brigands
  2 necrophages
  4 scorpions
  4 wights (D:6)
  Dowan (D:4)
  10 killer bees
  2 howler monkeys
  A centaur zombie (Ossuary)
  4 hounds
  2 orc priests (D:6)
  An iguana (D:4)
  Natasha (thrice) (D:4)
  10 orc wizards
  3 mummies
  Robin (D:4)
  13 gnolls
  5 adders
  4 white imps
  2 dart slugs
  49 orcs
  5 ball pythons
  7 endoplasms
  2 giant cockroaches
  19 goblins
  15 hobgoblins
  10 jackals
  5 quokkas
  5 bats
  A frilled lizard (D:3)
  3 gnoll zombies (Ossuary)
  4 goblin zombies (Ossuary)
  2 hobgoblin zombies (Ossuary)
  18 kobolds
  A kobold zombie (D:4)
  4 orc zombies
  4 rats
302 creatures vanquished.

Vanquished Creatures (others)
  An unseen horror (D:12)
  An orc priest (Orc:1)
  3 plants (D:11)
5 creatures vanquished.

Grand Total: 307 creatures vanquished

Notes
Turn   | Place    | Note
-------+----------+-------------------------------------------
     0 | D:1      | p00ps00p the Hill Orc Fighter began the quest for the Orb.
     0 | D:1      | Reached XP level 1. HP: 19/19 MP: 1/1
    25 | D:1      | Reached skill level 4 in Fighting
    85 | D:1      | Reached XP level 2. HP: 24/27 MP: 2/2
   680 | D:1      | Identified a scroll of acquirement
   680 | D:1      | Acquired the +3 pair of seven-league boots {Rampage+∞}
   680 | D:1      | Found the +3 pair of seven-league boots {Rampage+∞}
   975 | D:2      | Reached XP level 3. HP: 33/35 MP: 3/3
   976 | D:2      | Reached skill level 5 in Fighting
  1258 | D:2      | Reached XP level 4. HP: 34/44 MP: 4/4
  1263 | D:2      | Reached skill level 6 in Fighting
  1463 | D:2      | Identified the +1 helmet of Wearam {Stlth+}
  1859 | D:3      | Reached XP level 5. HP: 49/51 MP: 5/5
  1905 | D:3      | Found a one-way gate to the infinite horrors of the Abyss.
  1959 | D:3      | Reached skill level 7 in Fighting
  2315 | D:3      | Found a large runed translucent door.
  2315 | D:3      | Found a large runed translucent door.
  2315 | D:3      | Found a corrupted altar of Lugonu.
  2490 | D:3      | Found a large runed translucent door.
  2491 | D:3      | Found a large runed translucent door.
  2537 | D:3      | Found a broken altar of Ashenzari.
  2545 | D:3      | Found an ancient bone altar of Kikubaaqudgha.
  2611 | D:4      | Noticed Natasha
  2622 | D:4      | Killed Natasha
  2623 | D:4      | Reached XP level 6. HP: 47/61 MP: 6/6
  2646 | D:4      | Reached skill level 8 in Fighting
  2694 | D:4      | Noticed Dowan
  2711 | D:4      | Noticed Duvessa
  2716 | D:4      | Killed Dowan
  2735 | D:4      | Killed Duvessa
  2736 | D:4      | Reached skill level 9 in Fighting
  2746 | D:4      | Noticed Natasha
  2758 | D:4      | Killed Natasha
  2759 | D:4      | Reached XP level 7. HP: 20/70 MP: 4/7
  2797 | D:4      | Noticed Robin
  2802 | D:4      | Noticed Menkaure
  2807 | D:4      | Killed Robin
  2811 | D:4      | Killed Menkaure
  2812 | D:4      | Reached skill level 10 in Fighting
  2830 | D:4      | Found a sand-covered staircase.
  2841 | Ossuary  | Entered an ossuary
  3227 | D:4      | Noticed Natasha
  3233 | D:4      | Killed Natasha
  3246 | D:4      | Reached skill level 11 in Fighting
  3246 | D:4      | Reached XP level 8. HP: 75/82 MP: 8/8
  3420 | D:4      | Identified the +1 ring mail of Distant Shores {rElec Regen+
                  | Int-3}
  3701 | D:5      | Entered Level 5 of the Dungeon
  3933 | D:5      | Found a staircase to the Ecumenical Temple.
  3950 | D:5      | Reached skill level 12 in Fighting
  3966 | Temple   | Entered the Ecumenical Temple
  3966 | Temple   | Found a transporter.
  3966 | Temple   | Found a transporter.
  3968 | Temple   | Found a transporter.
  3968 | Temple   | Found a transporter.
  3987 | Temple   | Became a worshipper of Gozag Ym Sagoz the Greedy
  4065 | D:5      | Found Sukkil's Jewellery Shop.
  4631 | D:6      | Reached skill level 13 in Fighting
  4834 | D:6      | Reached XP level 9. HP: 93/94 MP: 7/9
  4919 | D:6      | Reached skill level 14 in Fighting
  5452 | D:7      | Found Acrare's Distillery.
  5478 | D:7      | Bought a potion of curing for 36 gold pieces
  5478 | D:7      | Bought a potion of curing for 36 gold pieces
  5478 | D:7      | Bought a potion of curing for 36 gold pieces
  5478 | D:7      | Bought a potion of heal wounds for 60 gold pieces
  5521 | D:7      | Found a shadowy altar of Dithmenos.
  5537 | D:7      | Found an iron altar of Okawaru.
  5540 | D:7      | Found a hide-covered altar of Uskayaw.
  5540 | D:7      | Found a blossoming altar of Fedhas.
  5547 | D:7      | Found a bloodstained altar of Trog.
  5790 | D:8      | Found a staircase to the Lair.
  5888 | D:8      | Noticed a hornet
  5898 | D:8      | Killed a hornet
  5986 | D:8      | Noticed a troll
  6010 | D:8      | Killed a troll
  6234 | D:8      | Noticed Joseph
  6255 | D:8      | Killed Joseph
  6256 | D:8      | Reached skill level 5 in Armour
  6256 | D:8      | Reached skill level 5 in Shields
  6256 | D:8      | Reached XP level 10. HP: 80/104 MP: 8/10
  6625 | D:8      | Reached skill level 5 in Axes
  6726 | D:9      | Noticed an orange demon
  6728 | D:9      | Noticed Amaemon
  7249 | D:9      | Killed an orange demon
  7270 | D:9      | Killed Amaemon
  7980 | D:10     | Entered Level 10 of the Dungeon
  8012 | D:10     | Found Jestoneg's Distillery.
  8015 | D:10     | Bought 2 potions of might for 88 gold pieces
  8015 | D:10     | Bought a potion of curing for 33 gold pieces
  8015 | D:10     | Bought a potion of resistance for 110 gold pieces
  8015 | D:10     | Bought a potion of invisibility for 88 gold pieces
  8015 | D:10     | Bought a potion of invisibility for 88 gold pieces
  8015 | D:10     | Bought a potion of ambrosia for 88 gold pieces
  8015 | D:10     | Bought a potion of curing for 33 gold pieces
  8015 | D:10     | Bought a potion of curing for 33 gold pieces
  8094 | D:10     | Reached XP level 11. HP: 68/111 MP: 6/11
  8954 | D:11     | Noticed a cyan ugly thing
  8964 | D:11     | Killed a cyan ugly thing
  9153 | D:10     | Bought a +2 war axe of flaming for 329 gold pieces
  9293 | D:11     | Noticed a two-headed ogre
  9309 | D:11     | Killed a two-headed ogre
  9334 | D:11     | Noticed a cyclops
  9352 | D:11     | Killed a cyclops
  9419 | D:11     | Noticed a tengu warrior
  9430 | D:11     | Killed a tengu warrior
  9431 | D:11     | Reached skill level 10 in Armour
  9431 | D:11     | Reached skill level 10 in Shields
  9538 | D:11     | Found a runed translucent gate.
  9538 | D:11     | Found a runed translucent gate.
  9538 | D:11     | Found a runed translucent gate.
  9542 | D:11     | Noticed sirJeffrey23's ghost (journeyman FoFi)
  9542 | D:11     | Noticed a nine-headed hydra
  9804 | D:12     | Noticed a cyclops
  9806 | D:12     | Noticed a centaur warrior
  9811 | D:12     | Noticed a cyclops
  9903 | D:11     | Killed a centaur warrior
  9904 | D:11     | Reached skill level 10 in Axes
  9919 | D:11     | Killed a cyclops
  9920 | D:11     | Reached XP level 12. HP: 107/118 MP: 10/12
  9960 | D:12     | Noticed a centaur warrior
  9983 | D:12     | Killed a centaur warrior
 10646 | D:12     | Found a staircase to the Orcish Mines.
 10649 | D:12     | Found Hoyff's Armour Shop.
 10690 | D:12     | Bought the +1 kite shield of Loss {+Inv Regen+ SInv} for
                  | 332 gold pieces
 11379 | Orc:1    | Entered Level 1 of the Orcish Mines
 11379 | Orc:1    | Noticed an orc high priest
 11457 | Orc:1    | Noticed a sun demon
 11543 | Orc:1    | Noticed a sun demon
 11547 | Orc:1    | Paralysed by an orc sorcerer for 5 turns
 11548 | Orc:1    | Slain by a sun demon

Illustrated notes

Levels and vault maps discovered:
D:1:      co_arrival_hall_of_pillars, layout_basic, hex_large, minmay_cupped
D:2:      layout_basic, guppyfry_early_orc_mine
D:3:      due_chaos_kobolds, layout_loops_ring, jmf_multi_god_temple2
D:4:      minmay_evil_eye, layout_loops_ring, nicolae_ossuary_entry_giza,
          uniq_robin, uniq_natasha, uniq_menkaure, uniq_duvessa
D:5:      layout_loops_ring, minmay_temple_entry_grid, serial_shops,
          shop_fountains, hangedman_abyss_or_decor_passed, columned_hall_lemuel
D:6:      layout_basic, serial_co_window_serial, co_window_paths_b,
          co_window_paths_a, co_window_paths_a, co_window_paths_b,
          co_window_of_opportunity_a, co_window_2corner, co_window_2corner,
          co_window_corner_b, glass_columns_a, palyth_stone_intersect
D:7:      layout_basic, nicolae_overflow_hallway_of_the_gods, serial_shops, shop
D:8:      layout_loops_ring, lair_entry_dummy, uniq_joseph
D:9:      layout_irregular_city, uniq_amaemon
D:10:     layout_roguey, serial_shops, shop_statue
D:11:     layout_cave_pools, gammafunk_ghost_hydra_chop
D:12:     nzn_winding_woodlands_small [nzn_winding_woodlands_5x15_sawtooth,
          nzn_winding_woodlands_center_triple_pond,
          nzn_winding_woodlands_5x15_pool], layout_stronghold, orc_david_3
Temple:   hellmonk_temple_divided_pantheon
Orc:1:    layout_caves, basic_altar, uniq_fannar

Skill      XL: |  1  2  3  4  5  6  7  8  9 10 11 12 |
---------------+-------------------------------------+-----
Fighting       | 4 5 6 7 9 11 13 14 | 14.8
Axes           | 4 6 11 12 | 12.9
Armour         | 5 8 10 | 10.0
Shields        | 5 8 10 | 10.0

Action                   |  1- 3 |  4- 6 |  7- 9 | 10-12 || total
-------------------------+-------+-------+-------+-------++-------
Melee: War axe           |    89 |   181 |   341 |   504 ||  1115
Throw: Javelin           |       |       |       |     2 ||     2
Invok: Call Merchant     |       |       |       |     1 ||     1
Evoke: Wand              |       |       |       |     6 ||     6
       Condenser vane    |       |       |       |     1 ||     1
  Use: Scroll            |     5 |     9 |     6 |     6 ||    26
       Potion            |       |     2 |     1 |     2 ||     5
Armor: Scale mail        |    61 |   124 |   109 |       ||   294
       Ring mail         |       |       |   200 |   680 ||   880
Dodge: Dodged            |    67 |    83 |   271 |   369 ||   790
Block: Buckler           |    26 |    55 |   101 |   182 ||   364
       Kite shield       |       |       |       |   174 ||   174

Table legend: (Time is in decaauts)
 A = Elapsed time spent in this place.
 B = Non-inter-level travel time spent in this place.
 C = Inter-level travel time spent in this place.
 D = Time resting spent in this place.
 E = Time spent auto-exploring this place.
 F = Levels seen in this place.
 G = Mean time per level.
                   A        B        C        D        E       F      G
               +--------+--------+--------+--------+--------+-----+--------+
         Total |  11916 |  11374 |    542 |   1406 |   6245 |  15 |  794.4 |
       Dungeon |  11568 |  11037 |    531 |   1292 |   6160 |  12 |  964.0 |
        Temple |     41 |     31 |     10 |      0 |      6 |   1 |   41.0 |
  Orcish Mines |     39 |     39 |      0 |      0 |      0 |   1 |   39.0 |
       Ossuary |    267 |    267 |      0 |    114 |     79 |   1 |  267.0 |
               +--------+--------+--------+--------+--------+-----+--------+

Top non-repeatable levels by time:
    D:12: 1644 daAuts
     D:8: 1419 daAuts
    D:11: 1017 daAuts
     D:1: 980 daAuts
     D:6: 956 daAuts
     D:9: 951 daAuts
     D:3: 928 daAuts
     D:4: 917 daAuts
     D:5: 803 daAuts
     D:2: 767 daAuts
    D:10: 734 daAuts
     D:7: 446 daAuts
 Ossuary: 267 daAuts
  Temple: 41 daAuts
   Orc:1: 39 daAuts
